 Dungeon Crawl Stone Soup version 0.27.1-4-g1640c2035a (webtiles) character file.

Game seed: 8961414696565316048

156 Johnny the Slasher (level 5, -2/63 HPs)
             Began as a Human Berserker on Nov 2, 2021.
             Was a Believer of Trog.
             Slain by Robin (6 damage)
             ... on level 3 of the Dungeon.
             The game lasted 00:02:06 (1699 turns).

Johnny the Slasher (Human Berserker)                Turns: 1699, Time: 00:02:07

Health: -2/63      AC: 22    Str: 19    XL:     5   Next: 64%
Magic:  0/5        EV:  2    Int:  7    God:    Trog [**....]
Gold:   124        SH:  0    Dex: 14    Spells: 4/4 levels left

rFire    + . .     SeeInvis .   e - +2 short sword (venom)
rCold    + . .     Faith    .   (no shield)
rNeg     + + +     Spirit   +   (armour currently unavailable)
rPois    +         Reflect  .   (helmet currently unavailable)
rElec    +         Harm     .   (cloak currently unavailable)
rCorr    +         Rampage  .   (gloves currently unavailable)
Will     ++++.     NoTele   +   (boots currently unavailable)
Stlth    +.........             f - amulet of guardian spirit
HPRegen  1.20/turn              (no ring)
MPRegen  0.09/turn              (no ring)

@: tree-form, resistant, strong-willed, regenerating
A: stationary, stasis, torment immunity, boosted hp, (antennae 1), agile 1,
strong-willed 2
a: Renounce Religion, Berserk, Trog's Hand


You were on level 3 of the Dungeon.
You worshipped Trog.
Trog was pleased with you.
You were a tree.
You visited 1 branch of the dungeon, and saw 3 of its levels.

You collected 124 gold pieces.

Inventory:

Hand Weapons
 a - a +0 falchion
 e - a +2 short sword of venom (weapon)
Armour
 d - a +0 scale mail (melded)
Jewellery
 f - an amulet of guardian spirit (around neck)
Scrolls
 g - a scroll of identify


   Skills:
 + Level 4.1 Fighting
 * Level 5.1 Long Blades
 - Level 2.0 Armour
 - Level 2.0 Dodging


You had 4 spell levels left.
You didn't know any spells.
Your spell library was empty.

Dungeon Overview and Level Annotations

Branches:
Dungeon (3/15)

Altars:
Makhleb
Zin

Annotations:
D:3 Robin, Sigmund


Innate Abilities, Weirdness & Mutations

You are a tree.
Your roots penetrate the ground, keeping you stationary.
You cannot be teleported.
You are immune to unholy pain and torment.
Your maximum health is greatly increased.
Your equipment is partially melded.
((You have a pair of small antennae on your head.))
You are agile. (Dex +2)
You are highly strong-willed. (Will++)


Message History

As you read the scroll of torment, it crumbles to dust.
You feel a surge of unholy energy.
Sigmund convulses!
Robin convulses!
You feel the effects of Trog's Hand fading.
Robin hits you but does no damage.
Okay, then.
Sigmund says, "Your kind have come here before.
I understand now why.
You desire death..."
Sigmund hits you but does no damage.
Robin hits you from afar with a +0 spear.
Your skin crawls.
You feel strong-willed.
Robin hits you from afar with a +0 spear.
Sigmund points at you and mumbles some strange words.
The puff of flame hits you but does no damage.
Unknown command.
Robin hits you but does no damage. Sigmund hits you but does no damage.
Robin says, "Kneel, worm!"
Robin barely misses you.
Sigmund screams, "You will never...
NEVER!!!"
Sigmund barely misses you.
Robin hits you from afar with a +0 spear.
Robin hits you but does no damage. Sigmund hits you but does no damage.
You recover from your berserk rage.
Robin hits you but does no damage. Sigmund completely misses you.
Robin hits you but does no damage.
Robin hits you from afar with a +0 spear.
Sigmund gestures at you while chanting. The puff of flame hits you. You resist.
* * * LOW HITPOINT WARNING * * *
Robin hits you from afar with a +0 spear.
* * * LOW HITPOINT WARNING * * *
Sigmund hits you from afar with a +3 scythe of protection.
* * * LOW HITPOINT WARNING * * *
Robin hits you from afar with a +0 spear.
* * * LOW HITPOINT WARNING * * *
Sigmund hits you but does no damage. Robin hits you but does no damage.
Robin hits you but does no damage.
Sigmund hits you from afar with a +3 scythe of protection!
* * * LOW HITPOINT WARNING * * *
Robin hits you from afar with a +0 spear.
You die...

###....## .# #.#..(## ##.#
#......######..#
#...._........######.
##.........†#........
#.....####.......#
#######.g@#.######.###...
##......##§#.....##.#
##........#♣##......g##
#........§§§######..g.###
#........§§§#### #..#...####
#..............# #..###....#
#..............# #..######..
#...............##....####..
##...)..............g..†.)).
#..........#######....####)#
#..........# #.##....=.#


You could see Sigmund and Robin (strong).

Vanquished Creatures
  Terence (D:2)
  Jessica (D:2)
  4 adders (D:2)
  2 worms
  2 dart slugs
  4 endoplasms
  A giant cockroach (D:1)
  14 goblins
  5 hobgoblins
  3 jackals (D:3)
  5 kobolds
  A quokka (D:3)
  2 ball pythons (D:1)
  6 bats
  4 frilled lizards
  A rat (D:2)
56 creatures vanquished.

Vanquished Creatures (others)
  20 plants (D:3)
20 creatures vanquished.

Grand Total: 76 creatures vanquished

Notes
Turn   | Place    | Note
-------+----------+-------------------------------------------
     0 | D:1      | Johnny the Human Berserker began the quest for the Orb.
     0 | D:1      | Reached XP level 1. HP: 18/18 MP: 1/1
    95 | D:1      | Found a faded altar of an unknown god.
   212 | D:1      | Reached XP level 2. HP: 20/24 MP: 2/2
   451 | D:1      | You fall into a shaft and drop 1 floor!
   468 | D:2      | Reached XP level 3. HP: 29/29 MP: 3/3
   677 | D:2      | Noticed Jessica
   682 | D:2      | Killed Jessica
   683 | D:2      | Reached skill level 4 in Long Blades
   683 | D:2      | Reached XP level 4. HP: 36/37 MP: 2/4
   774 | D:1      | Reached ** piety under Trog
  1024 | D:2      | Noticed Terence
  1035 | D:2      | Killed Terence
  1036 | D:2      | Reached XP level 5. HP: 40/42 MP: 5/5
  1182 | D:2      | Found a glowing silver altar of Zin.
  1462 | D:3      | Found a burning altar of Makhleb.
  1472 | D:3      | Reached skill level 5 in Long Blades
  1646 | D:3      | Noticed Robin
  1646 | D:3      | Noticed Sigmund
  1674 | D:3      | Gained mutation: You are strong-willed. (Will+) [potion of
                  | mutation]
  1674 | D:3      | Gained mutation: You have a pair of small antennae on your
                  | head. [potion of mutation]
  1674 | D:3      | Gained mutation: You are highly strong-willed. (Will++)
                  | [potion of mutation]
  1674 | D:3      | Gained mutation: You are agile. (Dex +2) [potion of
                  | mutation]
  1698 | D:3      | HP: 3/63 [Sigmund (11)]
  1699 | D:3      | Slain by Robin

Illustrated notes

Levels and vault maps discovered:
D:1:      dpeg_arrival_arbitrary_b, layout_basic,
          dreamdust_ecumenical_altar_statues, st_stairs_1, hex_intersection
D:2:      layout_rooms, basic_altar, uniq_terence, uniq_jessica
D:3:      layout_rooms, bloody_makhleb, mainiacjoe_overflow_cross_hatched,
          uniq_robin, uniq_sigmund

Skill      XL: |  1  2  3  4  5 |
---------------+----------------+-----
Long Blades    | 4 5 |  5.1
Fighting       | 4 |  4.1
Armour         | |  2.0
Dodging        | |  2.0

Action                   |  1- 3 |  4- 6 || total
-------------------------+-------+-------++-------
Melee: Short sword       |    38 |    93 ||   131
       Falchion          |     5 |       ||     5
Invok: Berserk           |       |     2 ||     2
       Trog's Hand       |       |     3 ||     3
  Use: Potion            |       |     4 ||     4
       Scroll            |       |     3 ||     3
Armor: Scale mail        |    17 |    71 ||    88
       Animal skin       |     2 |       ||     2
       Skin              |       |    32 ||    32
Dodge: Dodged            |    18 |    64 ||    82
       Rpst.: Falchion   |     2 |       ||     2
